 Dungeon Crawl Stone Soup version 0.31-a0-836-g3ceb0a68c4 (webtiles) character file.

Game seed: 17293443503676412959

6286 TheStruggler the Fighter (level 10, -7/117 HPs)
             Began as an Ogre Monk on Sept 26, 2023.
             Was a Priest of Okawaru.
             Mangled by an ice beast (8 damage)
             ... summoned by Fannar
             ... on level 10 of the Dungeon on Sept 27, 2023.
             The game lasted 01:00:20 (9846 turns).

TheStruggler the Fighter (Ogre Monk)                Turns: 9846, Time: 01:00:20

Health: -7/117     AC: 10    Str: 21    XL:     10   Next: 94%
Magic:  10/10      EV: 11    Int: 20    God:    Okawaru [***...]
Gold:   372        SH:  0    Dex: 11    Spells: 9/9 levels left

rFire   . . .        h - +2 flail (holy)
rCold   . . .        d - orb {light}
rNeg    . . .        F - +0 swamp dragon scales
rPois   +            o - +1 hat {Int+3}
rElec   .            (no cloak)
rCorr   .            (gloves unavailable)
SInv    .            (boots unavailable)
Will    +....        e - amulet of regeneration
Stlth   +            q - +6 ring of intelligence
HPRegen 1.19/turn    (no ring)
MPRegen 0.12/turn

%: no passive effects
@: glowing
A: large, unfitting armour, tough skin 1, camouflage 1, inability to drink after
injury 1
a: Renounce Religion, Heroism


You were on level 10 of the Dungeon.
You worshipped Okawaru.
Okawaru was most pleased with you.
You visited 2 branches of the dungeon, and saw 11 of its levels.

You collected 372 gold pieces.

Inventory:

Hand Weapons
 a - a +0 mace
 g - a +0 giant club
 h - a +2 flail of holy wrath (weapon)
 l - a +0 flail
 m - the +7 long sword of Harmony {freeze, rPois}
   (You found it on level 4 of the Dungeon)

   rPois:     It protects you from poison
Missiles
 f - 105 stones
 k - 3 large rocks (quivered)
 t - 3 throwing nets
Armour
 b - a +0 robe
 d - an orb of light (worn)
 o - a +1 hat of intelligence (worn)
 x - the +1 robe of Apracir {+Inv Dex+6}
   (You found it on level 4 of the Dungeon)

   Dex+6:     It affects your dexterity (+6).
   +Inv:      It lets you turn invisible.
 F - +0 swamp dragon scales (worn)
Jewellery
 e - an amulet of regeneration (around neck)
 q - a +6 ring of intelligence (left hand)
Talismans
 s - a serpent talisman
Wands
 z - a wand of iceblast (11)
Scrolls
 i - a scroll of brand weapon
 j - a scroll of fog
 n - a scroll of revelation
 u - a scroll of enchant armour {unknown}
 v - 2 scrolls of blinking
 y - a scroll of identify
 B - 2 scrolls of vulnerability {unknown}
 E - 2 scrolls of teleportation {unknown}
 G - a scroll of enchant weapon {unknown}
 H - a scroll of poison {unknown}
 I - a scroll of immolation {unknown}
Potions
 c - a potion of ambrosia
 p - a potion of brilliance
 r - a potion of lignification
 w - a potion of degeneration
 C - a potion of enlightenment {unknown}
 D - 2 potions of magic


   Skills:
 + Level 12.5 Fighting
 + Level 8.8 Maces & Flails
 * Level 3.1 Armour
 + Level 8.8 Dodging


You had 9 spell levels left.
You didn't know any spells.
Your spell library contained the following spells:

 Spells                   Type           Power      Damage    Failure   Level
 Necrotise                Necr           0%         1d4       30%         1
 Shock                    Conj/Air       0%         1d3       30%         1
 Sting                    Tmut/Pois      0%         1d3       30%         1
 Blink                    Tloc           0%         N/A       43%         2
 Lesser Beckoning         Tloc           0%         N/A       43%         2
 Momentum Strike          Conj/Tloc      0%         3d8       43%         2
 Poisonous Vapours        Pois/Air       0%         N/A       43%         2
 Ozocubu's Armour         Ice            0%         N/A       67%         3
 Swiftness                Air            0%         N/A       67%         3
 Vampiric Draining        Necr           0%         2d6       67%         3
 Airstrike                Air            0%         2d(0-16)  97%         4
 Leda's Liquefaction      Hex/Erth       0%         N/A       97%         4
 Olgreb's Toxic Radiance  Pois           0%         N/A       97%         4
 Agony                    Necr           0%         N/A       100%        5
 Lee's Rapid Deconstruct  Erth           0%         3d4*      100%        5
 Metabolic Englaciation   Hex/Ice        0%         N/A       100%        5
 Bombard                  Conj/Erth      0%         9d1       100%        6
 Simulacrum               Ice/Necr       Unusable   N/A       N/A         6

Dungeon Overview and Level Annotations

Branches:
Dungeon (10/15)            Temple (1/1) D:7
   Lair: D:8-11         Orc: D:9-12

Altars:
Ashenzari
Cheibriados
Dithmenos
Elyvilon
Fedhas
Gozag
Hepliaklqana
Kikubaaqudgha
Makhleb
Nemelex Xobeh
Okawaru
Qazlal
Ru
Sif Muna
Trog
Uskayaw
Vehumet
Wu Jian
Xom
Yredelemnul
Zin
The Shining One

Shops:
D:5 =   D:8 *

Annotations:
D:9 2 runed translucent doors, exclusion: orange crystal statue
D:10 Fannar


Innate Abilities, Weirdness & Mutations

You are too large for most types of armour.
You have tough skin. (AC +1)
Your skin changes colour to match your surroundings (Stealth+).
You occasionally lose the ability to drink potions when taking damage.


Message History

The ice beast misses you.
The ice beast hits you but does no damage.
You hit the ice beast but do no damage.
The ice beast is severely wounded.
The ice beast barely misses you. The ice beast closely misses you.
You barely miss the ice beast.
The ice beast is heavily wounded.
The ice beast completely misses you. x2
You sock the ice beast!
You kill the ice beast!
The ice beast disappears in a puff of smoke!
The ice beast hits you but does no damage.
Fannar murmurs some mystic words to themself.
You hit Fannar but do no damage.
Fannar is moderately wounded.
The ice beast barely misses you. Fannar hits you with a staff of cold.
* * * LOW HITPOINT WARNING * * *
Fannar freezes you!
* * * LOW HITPOINT WARNING * * *
You feel much better. The ice beast closely misses you.
Fannar hits you but does no damage. Fannar freezes you!
* * * LOW HITPOINT WARNING * * *
You closely miss Fannar.
Fannar is moderately wounded.
The ice beast hits you but does no damage.
Fannar hits you with a staff of cold.
* * * LOW HITPOINT WARNING * * *
Fannar freezes you!
* * * LOW HITPOINT WARNING * * *
You hit Fannar but do no damage.
Fannar is moderately wounded.
The ice beast hits you but does no damage.
Fannar hits you but does no damage. Fannar freezes you!
* * * LOW HITPOINT WARNING * * *
You thump Fannar!
Fannar is moderately wounded.
The ice beast hits you.
* * * LOW HITPOINT WARNING * * *
The ice beast freezes you!
You die...

....<# ###### ### ..
..## .###### #.##.#####
.. ...# #.#......#
.####.####.#####.######.
.#...............Y......
.##.#.####.#####@#######
.##.#...##.# #e#
............. ...
.##.#......## #####
+##+#+######


You could see Fannar and an ice beast (summoned).

Vanquished Creatures
  A two-headed ogre (D:9)
  The ghost of javelincjr the Changeling, a novice DjSh of Qazlal (D:5)
  Maggie (D:8)
  A troll (D:6)
  Prince Ribbit (D:6)
  A wraith (D:10)
  4 yaks (D:8)
  A wyvern (D:9)
  A steam dragon (D:8)
  Menkaure (D:7)
  Duvessa (D:5)
  2 water moccasins
  2 ice beasts
  2 sky beasts
  A black bear (D:4)
  An ogre (D:6)
  2 centaurs
  A phantom (D:6)
  2 kobold brigands
  7 bullfrogs
  A gnoll sergeant (D:5)
  2 scorpions
  7 wights (D:7)
  Dowan (D:5)
  6 killer bees (D:7)
  A howler monkey (D:6)
  A vampire bat (D:4)
  5 hounds
  2 quasits (D:7)
  3 orc priests
  A jelly (D:4)
  A gnoll bouda (D:5)
  A sleepcap (D:6)
  3 iguanas
  4 orc wizards
  9 adders
  14 gnolls
  4 shadow imps
  3 white imps
  5 ufetubi
  A worm (D:3)
  A dart slug (D:5)
  3 fire bats (D:4)
  32 orcs
  2 spectral bats (D:4)
  10 bats
  3 bat skeletons (D:4)
  A bat zombie (D:4)
  10 endoplasms
  2 giant cockroaches
  8 goblins
  7 hobgoblins
  6 jackals
  4 quokkas
  6 ball pythons
  A bat simulacrum (D:4)
  A frilled lizard (D:3)
  14 kobolds
  5 rats
225 creatures vanquished.

Vanquished Creatures (others)
  5 dream sheep (D:8)
  2 orcs (D:8)
7 creatures vanquished.

Grand Total: 232 creatures vanquished

Notes
Turn   | Place    | Note
-------+----------+-------------------------------------------
     0 | D:1      | TheStruggler the Ogre Monk began the quest for the Orb.
     0 | D:1      | Reached XP level 1. HP: 24/24 MP: 1/1
   185 | D:1      | Reached XP level 2. HP: 32/32 MP: 2/2
   531 | D:1      | Found a faded altar of an unknown god.
   903 | D:2      | Reached XP level 3. HP: 40/40 MP: 3/3
   932 | D:2      | Reached skill level 5 in Fighting
   932 | D:2      | Reached XP level 4. HP: 10/50 MP: 4/4
  2453 | D:3      | Found an ornate altar of the Wu Jian Council.
  2587 | D:4      | Noticed a bullfrog
  2593 | D:4      | Killed a bullfrog
  2594 | D:4      | Reached XP level 5. HP: 58/58 MP: 5/5
  2609 | D:4      | Noticed a black bear
  2620 | D:4      | Killed a black bear
  2621 | D:4      | Reached skill level 6 in Fighting
  2621 | D:4      | Reached XP level 6. HP: 41/67 MP: 6/6
  3147 | D:4      | Identified the +1 robe of Apracir {+Inv Dex+6}
  3912 | D:4      | Identified the +7 long sword of Harmony {freeze, rPois}
  4229 | D:4      | Reached XP level 7. HP: 64/76 MP: 7/7
  4288 | D:4      | Reached skill level 7 in Fighting
  4432 | D:5      | Entered Level 5 of the Dungeon
  4473 | D:5      | Found a runed translucent door.
  4569 | D:5      | Noticed javelincjr's ghost (novice DjSh)
  4700 | D:5      | Killed javelincjr's ghost
  4701 | D:5      | Reached skill level 5 in Maces & Flails
  4701 | D:5      | Reached skill level 5 in Dodging
  4701 | D:5      | Reached XP level 8. HP: 37/88 MP: 8/8
  5013 | D:5      | Found Quacrepu's Jewellery Boutique.
  5104 | D:5      | Reached skill level 8 in Fighting
  5118 | D:5      | HP: 2/88 [gnoll/+0 halberd[a gnoll bouda] (12)]
  5399 | D:5      | Gained mutation: You are clumsy. (Dex -2) [potion of
                  | mutation]
  5399 | D:5      | Gained mutation: You occasionally lose the ability to drink
                  | potions when taking damage. [potion of mutation]
  5399 | D:5      | Gained mutation: Your skin changes colour to match your
                  | surroundings (Stealth+). [potion of mutation]
  5399 | D:5      | Lost mutation: You are clumsy. (Dex -2) [potion of
                  | mutation]
  5471 | D:5      | Noticed Dowan
  5472 | D:5      | Noticed Duvessa
  5485 | D:5      | Killed Duvessa
  5499 | D:5      | Killed Dowan
  6143 | D:5      | Reached skill level 9 in Fighting
  6539 | D:6      | Reached XP level 9. HP: 26/100 MP: 9/9
  6674 | D:6      | Noticed a troll
  6702 | D:6      | Killed a troll
  6960 | D:6      | Reached skill level 10 in Fighting
  6983 | D:6      | Noticed Prince Ribbit
  6995 | D:6      | Killed Prince Ribbit
  7457 | D:7      | Noticed Menkaure
  7468 | D:7      | Killed Menkaure
  7599 | D:7      | Reached skill level 11 in Fighting
  7611 | D:7      | Found a staircase to the Ecumenical Temple.
  7639 | Temple   | Entered the Ecumenical Temple
  7688 | Temple   | Became a worshipper of Warmaster Okawaru
  7688 | Temple   | Reached * piety under Okawaru
  7688 | Temple   | Reached ** piety under Okawaru
  7772 | D:7      | Reached XP level 10. HP: 111/114 MP: 10/10
  8528 | D:8      | Found Luca's Neck Hole.
  8563 | D:8      | Noticed Maggie
  8586 | D:8      | Killed Maggie
  8717 | D:8      | Reached skill level 12 in Fighting
  8822 | D:8      | Found a shimmering altar of Xom.
  8922 | D:8      | Reached skill level 1 in Armour
  9089 | D:9      | Noticed a two-headed ogre
  9096 | D:9      | Killed a two-headed ogre
  9096 | D:9      | Reached *** piety under Okawaru
  9210 | D:9      | Found a runed translucent door.
  9212 | D:9      | Noticed an orange crystal statue
  9217 | D:9      | Found the +10 tower shield of Ignorance {rN+ Int-4}
  9227 | D:9      | Found a runed translucent door.
  9735 | D:10     | Entered Level 10 of the Dungeon
  9806 | D:10     | Noticed Fannar
  9845 | D:10     | HP: 1/117 [Fannar/staff of cold (12)]
  9846 | D:10     | Mangled by an ice beast

Illustrated notes

Levels and vault maps discovered:
D:1:      minmay_arrival_split_and_join, layout_loops_ring,
          ebering_ecumenical_altar_ruins, minmay_misc_feat_columns,
          minmay_crystal_room, chequers_serial_rivers_small_a
D:2:      layout_basic, nicolae_eternal_life
D:3:      layout_basic, nzn_wu_jian_contemplation,
          hangedman_abyss_or_decor_lesser_grid
D:4:      layout_loops_corners, goddamned_bats
D:5:      nicolae_cairo_tiling_large, layout_layer_cave, ebering_ghost_sewer_d,
          serial_shops, shop, uniq_duvessa
D:6:      layout_basic, kennysheep_crisscross, minmay_misc_feat_doors,
          corexii_checkpoint_b, uniq_prince_ribbit1
D:7:      layout_basic, minmay_temple_entry_offerings, serial_demonic,
          serial_demonic_e, serial_demonic_e, serial_demonic_d,
          serial_demonic_a, serial_demonic_d, serial_demonic_d, uniq_menkaure
D:8:      layout_rooms, kb_xom_exploding_sheep,
          nicolae_shop_sticking_my_neck_out, uniq_maggie
D:9:      layout_basic, chequers_guarded_unrand_ignorance
D:10:     layout_basic, enter_bailey_7, minmay_fractal_squares_gapless_7,
          uniq_fannar
Temple:   mainiacjoe_temple_big_plus

Skill      XL: |  1  2  3  4  5  6  7  8  9 10 |
---------------+-------------------------------+-----
Maces & Flails | 3 4 5 6 7 8 |  8.8
Dodging        | 3 4 5 6 7 8 |  8.8
Fighting       | 5 6 7 9 11 12 | 12.5
Armour         | 3 |  3.1

Action                     |  1- 3 |  4- 6 |  7- 9 | 10-12 || total
---------------------------+-------+-------+-------+-------++-------
  Melee: Mace              |    63 |   142 |       |       ||   205
         Flail             |       |    16 |   318 |   202 ||   536
  Throw: Large rock        |     2 |       |    10 |       ||    12
 Invoke: Heroism           |       |       |       |     1 ||     1
  Evoke: Wand              |       |       |       |     5 ||     5
    Use: Potion            |     2 |     9 |     5 |     2 ||    18
         Scroll            |       |     6 |     1 |       ||     7
   Stab: Sleeping          |       |       |     1 |       ||     1
 Armour: Robe              |    34 |   140 |   276 |    91 ||   541
         Swamp dragon scal |       |       |       |    72 ||    72
  Dodge: Dodged            |    34 |   105 |   262 |   135 ||   536

Table legend: (Time is in decaauts)
 A = Elapsed time spent in this place.
 B = Non-inter-level travel time spent in this place.
 C = Inter-level travel time spent in this place.
 D = Time resting spent in this place.
 E = Time spent auto-exploring this place.
 F = Levels seen in this place.
 G = Mean time per level.
                   A        B        C        D        E       F      G
               +--------+--------+--------+--------+--------+-----+--------+
         Total |   9899 |   9766 |    133 |   1731 |   3971 |  11 |  899.9 |
       Dungeon |   9826 |   9693 |    133 |   1731 |   3971 |  10 |  982.6 |
        Temple |     72 |     72 |      0 |      0 |      0 |   1 |   72.0 |
               +--------+--------+--------+--------+--------+-----+--------+

Top non-repeatable levels by time:
     D:5: 2053 daAuts
     D:4: 1877 daAuts
     D:7: 1152 daAuts
     D:2: 873 daAuts
     D:3: 866 daAuts
     D:1: 854 daAuts
     D:6: 759 daAuts
     D:9: 686 daAuts
     D:8: 595 daAuts
    D:10: 108 daAuts
  Temple: 72 daAuts
